 Dungeon Crawl Stone Soup version 0.19.1 (webtiles) character file.

408 empire the Conjurer (level 6, -3/47 HPs)
             Began as a Draconian Fire Elementalist on Dec 22, 2016.
             Slain by a hornet zombie (5 damage)
             ... on level 5 of the Dungeon.
             The game lasted 00:11:00 (4234 turns).

empire the Conjurer (Draconian Fire Elementalist)   Turns: 4234, Time: 00:11:02

Health: -3/47      AC:  6    Str: 10    XL:     6   Next: 57%
Magic:  1/9        EV: 17    Int: 18    God:
Gold:   268        SH:  0    Dex: 16    Spells: 2 memorised, 4 levels left

rFire  . . .     SeeInvis .     b - +0 rapier
rCold  . . .     Gourm    .     (armour unavailable)
rNeg   . . .     Faith    .     (no shield)
rPois  .         Spirit   .     (helmet restricted)
rElec  .         Reflect  .     (no cloak)
rCorr  .         Harm     .     (no gloves)
MR     .....                    (no boots)
Stlth  ++++......               (no amulet)
                                (no ring)
                                u - ring of stealth

@: agile
A: unfitting armour, cold-blooded, AC +6
a: no special abilities


You were on level 5 of the Dungeon.
You were very hungry.

You visited 1 branch of the dungeon, and saw 6 of its levels.

You collected 268 gold pieces.

Inventory:

Hand Weapons
 a - a +0 falchion
 b - a +0 rapier (weapon)
 g - a +2 dagger of venom
Missiles
 d - 51 arrows
 h - 5 poisoned needles
 n - 70 bolts
 p - 5 javelins (quivered)
Jewellery
 u - a ring of stealth (left hand)
 x - an uncursed amulet of magic regeneration {unknown}
 y - an uncursed ring of protection from fire {unknown}
Scrolls
 i - 3 scrolls of blinking {unknown}
 j - 4 scrolls of identify {unknown}
 k - a scroll of enchant weapon {unknown}
 m - 4 scrolls of remove curse {unknown}
 o - a scroll of fear {unknown}
 r - 2 scrolls of fog {unknown}
 t - a scroll of magic mapping {unknown}
 v - a scroll of teleportation {unknown}
Potions
 q - a potion of agility
 w - a potion of flight {unknown}
 z - a potion of berserk rage {unknown}
Books
 e - a book of Flames

   Spells                             Type                      Level
   a - Flame Tongue                   Conjuration/Fire             1
   b - Throw Flame                    Conjuration/Fire             2
   c - Conjure Flame                  Conjuration/Fire             3
   d - Inner Flame                    Hexes/Fire                   3
   e - Sticky Flame                   Conjuration/Fire             4
   f - Fireball                       Conjuration/Fire             5
Comestibles
 c - 2 fruits
 f - 4 meat rations
 l - 2 beef jerkies
 s - 6 bread rations


   Skills:
 + Level 1.0 Fighting
 - Level 1.7 Dodging
 - Level 1.7 Stealth
 + Level 2.3 Spellcasting
 + Level 5.1 Conjurations
 - Level 5.0 Fire Magic


You had 4 spell levels left.
You knew the following spells:

 Your Spells              Type           Power        Failure   Level  Hunger
a - Flame Tongue          Conj/Fire      ###..        1%          1    #......
b - Sticky Flame          Conj/Fire      ###.....     24%         4    #####..


Dungeon Overview and Level Annotations

Branches:
Dungeon (6/15)             Temple (0/1) D:5

Altars:
Gozag
Okawaru

Annotations:
D:4 graki42's ghost, amateur OgGl


Innate Abilities, Weirdness & Mutations

Your plain brown scales are hard. (AC +6)
You cannot fit into any form of body armour.
You are cold-blooded and may be slowed by cold attacks.


Message History

Casting: Flame Tongue
Confirm with . or Enter, or press ? or * to list all spells.
Aiming: Flame Tongue
Press: ? - help, Shift-Dir - straight line, f/p - centaur
Aim: a centaur (almost dead)
The flame tongue misses the centaur.
The centaur closely misses you.
The hornet zombie completely misses you.
The crimson imp blinks!
Casting: Flame Tongue
Confirm with . or Enter, or press ? or * to list all spells.
Aiming: Flame Tongue
Press: ? - help, Shift-Dir - straight line, f/p - centaur
Aim: a centaur (almost dead)
The flame tongue hits the centaur.
You kill the centaur!
Your Fighting skill increases to level 1!
Your Conjurations skill increases to level 5!
The hornet zombie completely misses you.
The hornet zombie hits you.
You die...

#######............##........
#.......#.##.#...#.####'#....
#...)...#.##.......# #.#....
#.......#....#....... #.#....
#5......####.#...###.##.#....
#.÷.....#....#....##.##'#####
#...........)........#.......
#.<.........Z§....## #.......
#####5..........@.....## #.......
................5......# #.......
..>Z............((.....###.......
...........#............##.......
...........#..........#.##.......
...........#..........#.##.......
...........#..........#.###'#####
...........#>.........#.###.#
###........#...(......#..##.#


You could see a crimson imp and a hornet zombie.

Vanquished Creatures
  A centaur (D:5)
  A scorpion (D:6)
  A howler monkey (D:5)
  2 hounds
  2 worker ants
  6 adders
  A shadow imp (D:5)
  An ooze (D:1)
  An adder skeleton (D:5)
  5 dart slugs
  2 worms (D:2)
  2 leopard geckos
  An orc (D:3)
  7 bats
  4 giant cockroaches
  3 goblins
  5 hobgoblins
  2 quokkas
  5 frilled lizards
  6 kobolds
  A leopard gecko zombie (D:5)
  A quokka skeleton (D:5)
  6 rats
66 creatures vanquished.

Notes
Turn   | Place    | Note
-------+----------+-------------------------------------------
     0 | D:1      | empire the Draconian Fire Elementalist began the quest for the Orb.
     0 | D:1      | Reached XP level 1. HP: 14/14 MP: 3/3
   408 | D:1      | Reached XP level 2. HP: 20/20 MP: 0/5
  1024 | D:2      | Reached XP level 3. HP: 26/26 MP: 6/6
  1416 | D:3      | Found an opulent altar of Gozag.
  1513 | D:4      | Reached XP level 4. HP: 16/33 MP: 0/7
  2342 | D:3      | Found an iron altar of Okawaru.
  2496 | D:4      | Reached XP level 5. HP: 32/38 MP: 0/8
  2502 | D:4      | Learned a level 4 spell: Sticky Flame
  3146 | D:4      | Noticed graki42's ghost (amateur OgGl)
  3191 | D:5      | Entered Level 5 of the Dungeon
  3618 | D:5      | Reached XP level 6. HP: 22/45 MP: 0/9
  3788 | D:6      | Reached skill level 5 in Fire Magic
  4214 | D:5      | Found a staircase to the Ecumenical Temple.
  4231 | D:5      | HP: 2/45 [hornet zombie (4)]
  4233 | D:5      | Reached skill level 1 in Fighting
  4233 | D:5      | Reached skill level 5 in Conjurations
  4234 | D:5      | Slain by a hornet zombie

Skill      XL: |  1  2  3  4  5  6 |
---------------+-------------------+-----
Conjurations   | 2 3 4 5 |  5.1
Fire Magic     | 4 5 |  5.0
Fighting       | 1 |  1.0
Dodging        | |  1.7
Stealth        | |  1.7
Spellcasting   | |  2.3

Action                   |  1- 3 |  4- 6 || total
-------------------------+-------+-------++-------
Melee: Short sword       |    63 |     3 ||    66
       Unarmed           |     5 |       ||     5
       Tailslap          |     7 |     3 ||    10
       Rapier            |       |    42 ||    42
 Cast: Flame Tongue      |    29 |    80 ||   109
  Use: Potion            |     1 |     5 ||     6
 Stab: Sleeping          |     2 |     1 ||     3
  Eat: Chunk             |     2 |     9 ||    11
Armor: Skin              |    24 |    42 ||    66
Dodge: Dodged            |    51 |    98 ||   149
